Map: Moonlight Madness LE (Void)

Players

maha

  • Race: Protoss Protoss
  • League: Diamond

Bakemonoda - Winner!

  • Race: Terran Terran
  • League: Master

VOD

https://www.youtube.com/watch?v=SQcX5yoJNLQ&feature=youtu.be

Description

LOTV TVP build punish greedy protoss 111

Time

  • Played on: Oct. 6, 2015, 7:12 a.m.
  • Length: 8:43
Show
View Real Time Build Order
Export as new Build Order

maha Protoss 

Build Orders: 1 Gate Expand 

Get SALT Encoding   

  12  0:01  Probe (Chrono Boost)  
  13  0:12  Probe (Chrono Boost)  
  14  0:18  Pylon  
  14  0:27  Probe (Chrono Boost)  
  15  0:39  Probe (Chrono Boost)  
  15  0:40  Gateway  
  16  0:50  Probe (Chrono Boost)  
  17  1:01  Probe (Chrono Boost)  
  18  1:12  Nexus  
  18  1:16  Probe (Chrono Boost)  
  19  1:22  Assimilator  
  19  1:30  Cybernetics Core  
  19  1:38  Probe (Chrono Boost)  
  20  1:47  Zealot (Chrono Boost)  
  20  1:48  Probe  
  20  1:52  Pylon  
  23  2:04  Assimilator  
  23  2:07  Warp Gate  
  23  2:10  Probe (Chrono Boost)  
  24  2:21  Probe (Chrono Boost)  
  25  2:22  Stalker (Chrono Boost)  
  25  2:23  Probe (Chrono Boost)  
  28  2:33  Probe  
  28  2:34  Probe  
  30  2:45  Probe (Chrono Boost)  
  30  2:46  Probe (Chrono Boost)  
  30  2:50  Robotics Facility  
  32  2:56  Probe (Chrono Boost)  
  32  2:57  Probe (Chrono Boost)  
  34  3:00  Stalker (Chrono Boost)  
  34  3:20  Probe  
  33  3:32  Probe, Gateway  
  33  3:33  Gateway  
  33  3:34  Probe  
  35  3:43  Probe (Chrono Boost)  
  35  3:46  Probe (Chrono Boost)  
  35  3:52  Observer  
  35  3:54  Pylon  
  35  3:55  Probe (Chrono Boost)  
  37  3:57  Probe (Chrono Boost)  
  38  4:06  Probe (Chrono Boost)  
  38  4:07  Twilight Council  
  38  4:08  Probe (Chrono Boost)  
  40  4:10  Forge  
  40  4:15  Probe (Chrono Boost)  
  41  4:18  Probe (Chrono Boost)  
  41  4:24  Immortal (Chrono Boost)  
  44  4:25  Probe  
  44  4:29  Probe  
  46  4:33  Pylon x2  
  46  4:34  Mothership Core  
  46  4:41  Assimilator  
  46  4:42  Assimilator  
  46  4:45  Stalker  
  46  4:50  Stalker  
  50  4:55  Stalker  
  50  4:56  Probe  
  53  5:06  Immortal (Chrono Boost), Probe  
  57  5:08  Probe  
  59  5:17  Probe  
  59  5:18  Blink  
  59  5:20  Probe  
  61  5:27  Pylon  
  61  5:35  Pylon  
  61  5:38  Pylon  
  61  5:39  Adept  
  61  5:44  Pylon  
  61  5:46  Pylon  
  61  5:55  Immortal (Chrono Boost)  
  65  5:59  Adept x2  
  65  6:01  Adept  
  68  6:14  Nexus  
Show
View Real Time Build Order
Export as new Build Order

Bakemonoda Terran - Winner!

Build Orders: 1/1/1 

Get SALT Encoding   

  12  0:00  SCV  
  13  0:13  SCV  
  14  0:17  Supply Depot  
  14  0:25  SCV  
  15  0:29  Refinery  
  15  0:40  Barracks  
  15  0:44  SCV  
  16  0:56  SCV  
  17  0:58  Refinery  
  17  1:08  SCV  
  18  1:29  Refinery  
  18  1:30  Factory  
  18  1:37  Orbital Command  
  17  1:42  Barracks Reactor  
  17  1:55  Supply Depot  
  17  2:05  SCV  
  18  2:15  Starport  
  18  2:21  SCV  
  19  2:23  Hellion  
  19  2:24  Hellion  
  19  2:28  Barracks Tech Lab  
  23  2:33  SCV  
  24  2:39  Supply Depot  
  24  2:45  SCV  
  28  2:58  Siege Tank  
  28  3:02  SCV  
  28  3:03  Supply Depot  
  29  3:14  SCV  
  29  3:18  Medivac  
  29  3:41  Siege Tank  
  30  3:45  SCV  
  31  3:59  Command Center, Marine x2  
  33  4:07  SCV  
  34  4:27  Marine  
  34  4:28  Siege Tank, Marine  
  39  4:34  SCV  
  40  4:38  Medivac  
  42  4:46  Marine x2  
  42  4:49  Supply Depot  
  44  4:58  SCV  
  45  5:01  Siege Tank  
  45  5:05  Barracks  
  48  5:19  Marine x2  
  48  5:20  Medivac  
  52  5:21  Orbital Command  
  52  5:43  Marine  
  52  5:44  Siege Tank, Marine  
  57  6:00  Medivac  
  57  6:01  SCV x2, Marine x2  
  61  6:13  SCV x2  
  56  6:20  Marine x2  
  58  6:25  SCV  
  58  6:30  Siege Tank  
  58  6:33  SCV  
  58  6:37  SCV  
  58  6:41  Marine x2  
  58  6:42  Medivac  
  58  6:45  SCV  
  58  6:49  SCV  
  58  6:57  SCV  
  58  7:04  Marine x2  
  58  7:05  Siege Tank  
  58  7:06  SCV  
  58  7:09  SCV  
Tags
 
Add a new tag
Caveats
  • Supply blocks, unpowered buildings, or Contaminate may cause inaccurate times.
  • Supply counts are checked every 10 seconds.